Unix NetHack Version 5.0.0-0 post-release - last build May 17 2026 04:57:42 (dc50c8380fa5e20985bfe3072449f57b8d9895ef,branch:main).

Game began 2026-05-05 16:32:25, ended 2026-05-18 09:51:35.

Anarchos, lawful female dwarven Valkyrie

       ------------              ----------------
       |  .*....|.|              |.|..........|^|
     ----..G......|     ----------.....-----....|
  ----%q ...)C.m[--------.........%..%--  |.....|
  |      md.---...........---------....----.....|
  ----   [.-| --.--------.|       |(..%|....-----
     --- Wo.|  | | |....----- -----.|.|.|[..|
       --S@c---------.......| |(.....%.%.----
        --uv..)...%....--...| ----.|.....|
         |..&..)%.%...[--...|    ||..|...|
         |&   ..............|    |....|.||
         ---------------....---- |--------
                       |.......---^...
             -----------..............
            --.[..............-----...
            ....(---..---------   ---
        ........-- ----
        -........--
        |........).
        -----------
Anarchos the Swashbuckler   St:18 Dx:13 Co:18 In:6 Wi:16 Ch:11  Lawful
Dlvl:28 $:0 HP:0(281) Pw:54(54) AC:-9 Xp:19/2566014 Stone Stressed Stun T:49697

Latest messages:
 The barrow wight points all around, then curses.
 The barrow wight misses!
 The barrow wight touches you!
 You avoid harm.
 The cockatrice bites!
 The cockatrice touches you!
 You hear the cockatrice's hissing!
 The steam vortex touches you!
 You avoid harm.
 You are slowing down.
 What do you want to use or apply? [kqsvwDHNS or ?*] H
 Nothing happens.
 The steam vortex misses!
 The barrow wight swings his long sword.
 The barrow wight misses!
 The barrow wight points at you, then curses.
 The barrow wight misses!
 The barrow wight misses!
 The orc-captain hits!
 The orc-captain misses!
 The steam vortex misses!
 Your limbs are stiffening.
 The steam vortex misses!
 The barrow wight swings his long sword.
 The barrow wight hits!
 The barrow wight points at you, then curses.
 The barrow wight misses!
 The barrow wight misses!
 The cockatrice misses!
 The cockatrice touches you!
 The pony picks up a unicorn horn.
 The steam vortex engulfs you!
 Your limbs have turned to stone.
 You have turned to stone.
 You feel mildly hot.
 You get expelled!
 The barrow wight swings his long sword.
 The barrow wight hits!
 The barrow wight casts a spell at you!
 You reel...
 The barrow wight misses!
 The barrow wight misses!
 The orc-captain misses!
 The orc-captain hits!
 The steam vortex touches you!
 You avoid harm.
 The pony drops a unicorn horn.
 You are a statue.
 Do you want your possessions identified? [ynq] (y) y
 Do you want to see your attributes? [ynq] (y) q

Inventory:
 Amulets  ('"')
  J - a blessed amulet of ESP (being worn)
 Weapons  (')')
  d - the blessed rustproof +0 Mjollnir (weapon in left hand)
 Armor    ('[')
  i - a blessed rusty corroded +2 dwarvish iron helm (being worn)
  r - a blessed very burnt +3 pair of speed boots (being worn)
  G - a blessed +1 shield of reflection (being worn)
  m - a blessed very burnt +0 cloak of protection (being worn)
  X - an uncursed cracked +0 crystal plate mail (being worn)
 Rings    ('=')
  e - an uncursed ring of teleport control (on left hand)
  p - an uncursed ring of teleportation (on right hand)
 Wands    ('/')
  w - a wand of cancellation (0:6)
  D - a wand of locking (0:8)
  k - a wand of locking (0:3)
  S - a wand of wishing (0:1)
 Tools    ('(')
  N - a blessed bag of holding containing 128 items
  q - the cursed Bell of Opening (0:3)
  v - an uncursed leash
  s - a magic marker (0:56)
  H - a blessed +0 unicorn horn

Contents of the bag of holding:
  3496 gold pieces
  a cursed amulet of change
  a cursed amulet of restful sleep
  11 +0 silver arrows
  a +0 dagger
  a blessed +5 dwarvish spear
  the +0 Sting
  the fireproof +1 Orcrist
  the blessed corroded +1 Snickersnee
  an uncursed +0 helm of brilliance
  an uncursed +2 helmet
  a blessed +2 pair of jumping boots
  a blessed burnt +0 pair of levitation boots
  a cursed -1 pair of levitation boots
  a cursed +0 pair of speed boots
  a blessed very burnt +4 small shield
  an uncursed +0 cloak of invisibility
  a blessed burnt +1 elven cloak
  an uncursed +0 mummy wrapping
  an uncursed +0 dwarvish mithril-coat
  an uncursed +0 set of orange dragon scales
  an uncursed +0 set of silver dragon scales
  20 uncursed C-rations
  3 uncursed carrots
  15 uncursed food rations
  14 uncursed K-rations
  19 uncursed kelp fronds
  2 uncursed pancakes
  12 uncursed tripe rations
  an uncursed tin of large dog meat
  3 uncursed eggs
  2 uncursed lizard corpses
  3 uncursed lizard corpses
  an uncursed scroll of amnesia
  10 uncursed scrolls of blank paper
  2 uncursed scrolls of charging
  a blessed scroll of confuse monster
  5 uncursed scrolls of confuse monster
  3 uncursed scrolls of create monster
  a blessed scroll of destroy armor
  2 uncursed scrolls of destroy armor
  6 uncursed scrolls of earth
  2 uncursed scrolls of fire
  an uncursed scroll of food detection
  an uncursed scroll of gold detection
  a blessed scroll of light
  2 uncursed scrolls of light
  a blessed scroll of magic mapping
  an uncursed scroll of magic mapping
  an uncursed scroll of scare monster
  9 uncursed scrolls of teleportation
  a cursed scroll of teleportation
  an uncursed spellbook of jumping
  a blessed potion of acid
  an uncursed potion of acid
  a blessed potion of booze
  2 uncursed potions of booze
  4 uncursed potions of invisibility
  an uncursed potion of levitation
  an uncursed potion of monster detection
  a blessed potion of object detection
  7 uncursed potions of object detection
  2 uncursed potions of oil
  a blessed potion of paralysis
  4 uncursed potions of paralysis
  4 uncursed potions of see invisible
  an uncursed potion of sleeping
  2 uncursed potions of speed
  an uncursed potion of water
  an uncursed +1 ring of increase accuracy
  an uncursed +1 ring of increase damage
  an uncursed ring of invisibility
  a cursed ring of polymorph
  an uncursed ring of polymorph control
  an uncursed ring of protection from shape changers
  an uncursed ring of searching
  an uncursed ring of searching
  an uncursed ring of see invisible
  a blessed wand of cold (0:1)
  a wand of create monster (0:13)
  a wand of create monster (0:12)
  a wand of create monster (0:0)
  a wand of digging (0:8)
  a wand of digging (0:7)
  a wand of digging (0:6)
  a blessed wand of fire (0:0)
  a wand of fire (0:0)
  a wand of light (0:11)
  a wand of lightning (0:4)
  a wand of lightning (0:0)
  a wand of magic missile (0:1)
  a wand of magic missile (0:0)
  a wand of magic missile (0:0)
  a wand of make invisible (0:7)
  a wand of make invisible (0:6)
  a wand of make invisible (0:4)
  a wand of probing (0:5)
  a wand of probing (0:4)
  a wand of secret door detection (0:10)
  a wand of sleep (0:6)
  a wand of slow monster (0:5)
  a wand of slow monster (0:4)
  a wand of slow monster (0:3)
  a wand of speed monster (0:5)
  a wand of speed monster (0:2)
  a wand of speed monster (0:1)
  a wand of striking (0:5)
  a wand of striking (0:1)
  a wand of striking (0:0)
  a wand of teleportation (0:4)
  a wand of teleportation (0:0)
  a wand of undead turning (0:6)
  an empty uncursed sack
  an uncursed bugle
  an uncursed blindfold
  a +0 pick-axe
  an uncursed skeleton key
  an uncursed towel
  a +0 unicorn horn
  an uncursed diamond
  an uncursed opal
  an uncursed ruby
  an uncursed worthless piece of black glass
  an uncursed worthless piece of orange glass
  an uncursed worthless piece of violet glass
  an uncursed worthless piece of yellowish brown glass
  an uncursed flint stone
  an uncursed touchstone

Anarchos the Valkyrie's attributes:

Background:
 You were a Swashbuckler, a level 19 dwarven Valkyrie.
 You were lawful, on a mission for Tyr
 who was opposed by Odin (neutral) and Loki (chaotic).
 You were left-handed.
 You were in Gehennom, on level 28.
 You entered the dungeon 49697 turns ago.
 There was a new moon in effect when your adventure ended.
 You had 2566014 experience points, 2553986 more were needed for level 20.

Basics:
 You had 0 out of 281 hit points.
 You had all 54 energy points (spell power).
 Your armor class was -9.
 Your wallet was empty, but
 you had 3496 zorkmids stashed away in your pack.
 Autopickup was on for all types.

Final Characteristics:
 Your strength was 18 (peak:18/07, limit:18/100).
 Your dexterity was 13 (peak:16, limit:20).
 Your constitution was 18 (peak:19, limit:20).
 Your intelligence was 6 (peak:11, limit:16).
 Your wisdom was 16 (limit:16).
 Your charisma was 11 (limit:16).

Final Status:
 You turned into stone.
 You were stunned.
 You weren't hungry.
 You were stressed; movement was moderately slowed.
 You were wielding a hammer.
 You had expert skill with hammer.

Final Attributes:
 You were piously aligned.
 You were fire resistant.
 You were cold resistant.
 You were sleep resistant.
 You were disintegration resistant.
 You were shock resistant.
 You were poison resistant.
 You saw invisible.
 You were telepathic.
 You had infravision.
 You were invisible to others.
 You were stealthy.
 You could teleport.
 You had teleport control.
 You had a small defense bonus (+3).
 You were protected.
 You were very fast.
 You had reflection.
 You are dead.

Miscellaneous:
 You didn't encounter any bones levels.
 Total elapsed playing time was 1 day, 8 hours, 51 minutes and 27 seconds.

Major events:
 Turn
    1: Anarchos the lawful dwarven Valkyrie entered the dungeon
 1294: attained the rank of Skirmisher (level 3)
 1992: entered the Gnomish Mines
 2501: reached Mine Town
 4039: attained the rank of Fighter (level 6)
 4405: found Snickersnee
 4736: entered Sokoban
 5172: completed 1st Sokoban level
 6185: completed 2nd Sokoban level
 6441: completed 3rd Sokoban level
 8085: completed 4th Sokoban level
 8815: attained the rank of Woman-at-arms (level 10)
 9194: acquired the Sokoban bag of holding
 9669: chose an elven broadsword to be named "Orcrist"
 9669: chose an elven dagger to be named "Sting"
11556: entered Home 1, the Quest
20293: was bestowed with Mjollnir by Tyr
23388: attained the rank of Warrior (level 14)
27172: the Norn has granted access to proceed deeper into the quest
27240: entered Home 2, the Quest
27416: entered Home 3, the Quest
27819: entered Home 4, the Quest
28009: entered Home 5, the Quest
28283: entered Home 6, the Quest
28526: found the Orb of Fate on the floor
28589: killed Lord Surtur
28619: acquired the Bell of Opening
32242: Siverek, the used armor dealership proprietor, has been killed
32668: Weliki Oestjoeg, the liquor emporium proprietor, has been killed
39680: killed Medusa
46646: attained the rank of Swashbuckler (level 18)
48506: entered Gehennom
49697: petrified by a cockatrice

Spells:
 Name                 Level Category     Fail Retention
 haste self             3   escape       100%    (gone)
 detect monsters        1   divination   100%  76%-100%
 detect treasure        4   divination   100%    (gone)
 jumping                1   escape       100%  76%-100%
 magic missile          2   attack       100%    (gone)
 stone to flesh         3   healing      100%    (gone)
 detect food            2   divination   100%    (gone)
 light                  1   divination   100%    (gone)
 healing                1   healing       98%    (gone)
 sleep                  3   enchantment  100%    (gone)
 clairvoyance           3   divination   100%    (gone)
 knock                  1   matter       100%    (gone)
 levitation             4   escape       100%    (gone)
 wizard lock            2   matter       100%    (gone)
 remove curse           3   clerical     100%    (gone)

Skills:
 Fighting Skills
   bare handed combat [Basic]
   two weapon combat  [Unskilled]
   riding             [Unskilled]
 Weapon Skills
   dagger             [Basic]
   axe                [Unskilled]
   pick-axe           [Unskilled]
   short sword        [Unskilled]
   broadsword         [Unskilled]
   long sword         [Expert]
   two-handed sword   [Unskilled]
   saber              [Unskilled]
   hammer             [Expert]
   quarterstaff       [Unskilled]
   polearms           [Unskilled]
   spear              [Skilled]
   trident            [Unskilled]
   lance              [Unskilled]
   sling              [Unskilled]
 Spellcasting Skills
   attack spells      [Unskilled]
   escape spells      [Unskilled]

Voluntary challenges:
 Character rerolling was not enabled.
 You never genocided any monsters.
 You never polymorphed an object.
 You used no wishes.
 You violated the special Sokoban rules 6 times.
Achievements:
 You entered a shop.
 You attained the rank of Skirmisher.
 You entered the Gnomish Mines.
 You entered Minetown.
 You attained the rank of Fighter.
 You entered Sokoban.
 You attained the rank of Woman-at-arms.
 You completed Sokoban.
 You entered a temple.
 You learned the tune to open and close the Castle's drawbridge.
 You attained the rank of Warrior.
 You had the Bell of Opening.
 You defeated Medusa.
 You attained the rank of Swashbuckler.
 You entered Gehennom.

 The Dungeons of Doom: levels 1 to 27
    Level 1:
    Level 2:
       A potion shop.
       Stairs down to The Gnomish Mines.
    Level 3:
       An armor shop.
    Level 4:
    Level 5:
       A general store.
    Level 6:
    Level 7:
       Oracle of Delphi.
    Level 8:
       Stairs up to Sokoban, level 7.
    Level 9:
       A grave.
    Level 10:
       A fountain.
    Level 11:
       A general store.
    Level 12:
       An altar to Tyr, a fountain.
    Level 13:
       Portal to The Quest.
    Level 14:
    Level 15:
       A grave.
    Level 16:
    Level 17:
       A primitive area.
    Level 18:
       Some graves.
    Level 19:
       A temple and an altar to Tyr.
    Level 20:
       A fountain.
    Level 21:
       A fountain, a sink.
    Level 22:
    Level 23:
       Many trees.
    Level 24:
    Level 25:
       A temple and an altar to Tyr.
    Level 26:
    Level 27:
       A fountain.
       Connection to Gehennom.
 Gehennom:
    Level 28: <- You were here.
       Many graves.
       Final resting place for
          you, petrified by a cockatrice.
 The Gnomish Mines: levels 3 to 5
    Level 3:
    Level 4:
    Level 5:
       An altar, a fountain.
 The Quest: levels 1 to 6
    Level 1:
       A fountain.
       Completed quest for the Norn.
    Level 2:
    Level 3:
    Level 4:
    Level 5:
    Level 6:
 Sokoban: levels 7 up to 4
    Level 4:
       Solved.
    Level 5:
       Solved.
    Level 6:
       Solved.
    Level 7:
       Solved.
 The Tutorial:
    Level 1:
       A tree.


Vanquished creatures:
    Medusa
  2 iron golems
  a storm giant
  a glass golem
  3 purple worms
  a gold dragon
  2 silver dragons
  a red dragon
  2 orange dragons
  a black dragon
  a blue dragon
  a green dragon
  a yellow dragon
  3 minotaurs
  2 jabberwocks
    Lord Surtur
  4 baluchitheria
  2 demiliches
  5 stone golems
  2 master mind flayers
  a sandestin
  a displacer beast
  3 titanotheres
  2 trappers
  a baby silver dragon
  3 genetic engineers
  8 vampire leaders
  2 shopkeepers
 an aligned cleric
  3 liches
  2 clay golems
  4 nurses
  3 nalfeshnees
  a lurker above
  2 frost giants
  3 ettins
  2 golden nagas
 19 black puddings
  5 vampires
  5 lieutenants
 28 ghosts
  2 winged gargoyles
  2 mind flayers
  5 giant mimics
  4 long worms
  6 zruties
 34 fire giants
  4 ogre tyrants
  4 ice trolls
  7 rock trolls
  4 umber hulks
  2 flesh golems
  3 elven monarchs
  5 doppelgangers
  a hezrou
  3 large mimics
  8 wumpuses
  a couatl
  5 stalkers
  2 air elementals
  4 fire elementals
 an earth elemental
  2 water elementals
  a giant mummy
  3 xorns
 10 giant zombies
  6 elf-nobles
 16 sergeants
  2 barbed devils
  2 vrocks
  2 wargs
  3 winter wolves
 18 small mimics
  a glass piercer
  5 warhorses
  8 xans
  2 ettin mummies
  2 ogre leaders
  6 quantum mechanics
  9 trolls
  4 wood golems
  4 sharks
  6 gelatinous cubes
  2 pyrolisks
  a large dog
  5 freezing spheres
  4 flaming spheres
  4 shocking spheres
  a large cat
  5 tigers
  7 gargoyles
  4 dwarf rulers
  4 tengu
  8 ochre jellies
  5 leocrottas
  2 energy vortices
  3 mountain centaurs
  7 stone giants
  2 elf mummies
  4 human mummies
  a red naga
  4 pythons
  4 cobras
 20 wraiths
  6 ettin zombies
  8 Grey-elves
 41 soldiers
  4 amorous demons
  a horned devil
  5 chameleons
  3 crocodiles
 16 giant beetles
  3 quivering blobs
  9 cockatrices
 10 wolves
 18 winter wolf cubs
  5 lynxes
  2 panthers
  3 gremlins
  a spotted jelly
 10 leprechauns
  5 orc-captains
  3 iron piercers
  2 mumakil
 12 giant spiders
  4 scorpions
  2 horses
 an ice vortex
  3 black lights
 10 vampire bats
  3 forest centaurs
  2 gnome rulers
  3 orc mummies
  3 dwarf mummies
  8 ogres
  7 brown puddings
  4 rust monsters
 10 owlbears
  7 yetis
  2 gold golems
  a werewolf
 24 Green-elves
  4 giant eels
  7 lizards
  4 warriors
  7 chickatrices
  2 dingoes
  6 jaguars
  4 dwarf leaders
  4 blue jellies
  4 white unicorns
  2 gray unicorns
  2 black unicorns
  5 dust vortices
 38 ravens
  5 plains centaurs
  2 gnome mummies
  2 snakes
 24 apes
  2 human zombies
 10 Woodland-elves
 14 soldier ants
 76 fire ants
 14 bugbears
 an imp
  6 quasits
  6 wood nymphs
  9 water nymphs
  8 mountain nymphs
 35 Mordor orcs
 16 Uruk-hai
  3 orc shamans
 11 rock piercers
  6 rock moles
  3 ponies
  4 fog clouds
 10 yellow lights
  3 shriekers
  4 violet fungi
 10 gnome leaders
  4 gnomish wizards
  4 kobold mummies
  a black naga hatchling
  a golden naga hatchling
  9 gray oozes
  a barrow wight
 13 elf zombies
  5 ghouls
  7 straw golems
  a paper golem
  a jellyfish
 15 giant ants
  8 floating eyes
  5 kittens
  5 dwarves
  9 homunculi
  2 kobold leaders
  4 kobold shamans
 30 hill orcs
 28 rothes
  4 rabid rats
  3 centipedes
  4 giant bats
  a monkey
 10 orc zombies
  6 dwarf zombies
  4 wererats
  a werejackal
 17 iguanas
 18 killer bees
  5 acid blobs
  5 coyotes
  7 gas spores
  4 hobbits
 10 manes
  2 large kobolds
 10 hobgoblins
 14 giant rats
  4 cave spiders
  3 brown molds
  4 yellow molds
  5 red molds
  a gnome
  6 garter snakes
  8 gnome zombies
 10 geckos
  9 jackals
  4 foxes
  5 kobolds
  5 goblins
  3 sewer rats
 10 grid bugs
  3 bats
  5 lichens
  6 kobold zombies
 10 newts
1465 creatures vanquished.

No species were genocided or became extinct.

Game over:
                       ----------
                      /          \
                     /    REST    \
                    /      IN      \
                   /     PEACE      \
                  /                  \
                  |     Anarchos     |
                  |     3496 Au      |
                  |  petrified by a  |
                  |    cockatrice    |
                  |                  |
                  |                  |
                  |       2026       |
                 *|     *  *  *      | *
        _________)/\\_//(\/(/\)/\//\/|_)_______

Farvel Anarchos the Valkyrie...

You turned to stone in Gehennom on dungeon level 28 with 505141 points,
and 3496 pieces of gold, after 49697 moves.
You were level 19 with a maximum of 281 hit points when you turned to stone.

